 Dungeon Crawl Stone Soup version 0.20-a0-433-g9e36e56 (webtiles) character file.

11254 Kriby the Thaumaturge (level 11, -3/83 HPs)
             Began as a Mummy Fire Elementalist on Jan 4, 2017.
             Was an Initiate of Sif Muna.
             Slain by a seven-headed hydra (15 damage)
             ... on level 1 of the Lair of Beasts.
             The game lasted 00:20:46 (16332 turns).

Kriby the Thaumaturge (Mummy Fire Elementalist)    Turns: 16332, Time: 00:20:47

Health: -3/83      AC:  8    Str: 12    XL:     11   Next: 46%
Magic:  12/28      EV: 11    Int: 20    God:    Sif Muna [......]
Gold:   450        SH:  0    Dex: 13    Spells: 22/37 levels left

rFire  x . .     SeeInvis +     g - +0 dagger (elec)
rCold  + . .     Gourm    .     x - +0 troll leather armour
rNeg   + + +     Faith    .     (no shield)
rPois  ∞         Spirit   .     v - +1 helmet {SInv}
rElec  .         Reflect  .     a - +0 cloak
rCorr  .         Harm     .     j - +0 pair of gloves
MR     +....                    (no boots)
Stlth  ++........               (no amulet)
                                (no ring)
                                c - +3 ring of intelligence

@: no status effects
A: no food or potions, fire vulnerability, cold resistance 1, negative energy
resistance 3, torment resistance, unbreathing
a: Renounce Religion


You were on level 1 of the Lair of Beasts.
You worshipped Sif Muna.
Sif Muna was noncommittal.
You were not hungry.

You visited 3 branches of the dungeon, and saw 12 of its levels.

You collected 669 gold pieces.
You spent 219 gold pieces at shops.

Inventory:

Hand Weapons
 g - a +0 dagger of electrocution (weapon)
 z - a +2 battleaxe
Armour
 a - a +0 cloak (worn)
 j - a +0 pair of gloves (worn)
 q - a +3 leather armour of cold resistance
 v - a +1 helmet of see invisible (worn)
 x - a +0 troll leather armour (worn)
Magical Staves
 C - an uncursed staff of death
 J - an uncursed staff of cold
Jewellery
 c - a +3 ring of intelligence (left hand)
Wands
 f - a wand of flame (22/48)
 m - a wand of flame (31/48)
 r - a wand of digging (8/24)
 t - a wand of polymorph (10/24)
 y - a wand of lightning (6/15)
 D - a wand of flame (30/48)
 E - a wand of flame (18/48)
 F - a wand of enslavement (10/24)
 G - a wand of confusion (28/48)
 I - a wand of digging (10/24)
 K - a wand of iceblast (5/15)
 L - a wand of random effects (16/48)
Scrolls
 b - a scroll of recharging {unknown}
 d - 5 scrolls of remove curse
 e - 2 scrolls of fear {unknown}
 h - 7 scrolls of identify
 i - 3 scrolls of blinking
 k - 2 scrolls of random uselessness {unknown}
 l - 5 scrolls of enchant armour
 n - 7 scrolls of teleportation
 o - 3 scrolls of immolation {unknown}
 p - 3 scrolls of enchant weapon {unknown}
 s - 2 scrolls of amnesia {unknown}
 u - a scroll of acquirement {unknown}
 w - 2 scrolls of noise {unknown}
 B - a scroll of magic mapping {unknown}
Books
 A - a book of Power

   Spells                             Type                      Level
   a - Fulminant Prism                Conjuration/Hexes            4
   b - Iskenderun's Mystic Blast      Conjuration                  4
   c - Venom Bolt                     Conjuration/Poison           5
   d - Bolt of Magma                  Conjuration/Fire/Earth       5
   e - Iron Shot                      Conjuration/Earth            6
   f - Orb of Destruction             Conjuration                  7
   g - Spellforged Servitor           Conjuration/Summoning        7
 H - a book of Cantrips

   Spells                             Type                      Level
   a - Confusing Touch                Hexes                        1
   b - Animate Skeleton               Necromancy                   1
   c - Summon Small Mammal            Summoning                    1
   d - Apportation                    Translocation                1


   Skills:
 + Level 6.8 Fighting
 - Level 1.5 Dodging
 - Level 1.5 Stealth
 * Level 13.7 Spellcasting
 + Level 7.5 Conjurations
 + Level 7.5 Fire Magic


You had 22 spell levels left.
You knew the following spells:

 Your Spells              Type           Power        Failure   Level  Hunger
a - Flame Tongue          Conj/Fire      #####        1%          1    N/A
b - Conjure Flame         Conj/Fire      #####...     1%          3    N/A
c - Sticky Flame          Conj/Fire      #####...     3%          4    N/A
d - Throw Flame           Conj/Fire      #####.       1%          2    N/A
e - Fireball              Conj/Fire      #####.....   10%         5    N/A

Dungeon Overview and Level Annotations

Branches:
Dungeon (10/15)            Temple (1/1) D:5            Lair (1/6) D:8
    Orc: D:9-12

Altars:
Ashenzari
Cheibriados
Dithmenos
Elyvilon
Fedhas
Gozag
Hepliaklqana
Kikubaaqudgha
Makhleb
Nemelex Xobeh
Okawaru
Qazlal
Ru
Sif Muna
Trog
Uskayaw
Vehumet
Xom
Yredelemnul
Zin
The Shining One

Shops:
D:4 (   D:9 ?


Innate Abilities, Weirdness & Mutations

You do not eat or drink.
Your flesh is vulnerable to fire.
You are immune to poison.
Your flesh is cold resistant. (rC+)
You are immune to negative energy. (rN+++)
You are immune to unholy pain and torment.
You can survive without breathing.


Message History

The seven-headed hydra is engulfed in roaring flames.
Casting: Conjure Flame
Confirm with . or Enter, or press ? or * to list all spells.
Aiming: Sticky Flame
Press: ? - help, Shift-Dir - straight line, f - seven-headed hydra
Aim: a seven-headed hydra (heavily wounded)
The sticky flame hits the seven-headed hydra.
The seven-headed hydra is heavily wounded.
The seven-headed hydra is covered in liquid flames!
The seven-headed hydra burns!
The water moccasin is engulfed in roaring flames.
The seven-headed hydra bites you but does no damage.
The seven-headed hydra barely misses you.
The seven-headed hydra bites you.
* * * LOW HITPOINT WARNING * * *
The seven-headed hydra barely misses you.
The seven-headed hydra bites you!
* * * LOW HITPOINT WARNING * * *
The seven-headed hydra bites you!
You die...

####### ## ##P....##.##..
#............# ###
###...........# ##.P
####.#...........## ....
####PF§SD#...........#
....####..†..###@...........#
.........###.#
###..........### ......####
### #..........#.# ....#.#
###.........# ....F##
###..###..# .###S## ####
##÷## #..# #..## ####..##
#...# ....S..# ##.##


You could see a seven-headed hydra (burning), a spiny frog and a water moccasin.

Vanquished Creatures
  Erolcha (D:9)
  A hydra (Lair:1)
  A two-headed ogre (D:8)
  An unseen horror (D:10)
  Pikel (D:6)
  A cyclops (D:9)
  A spiny frog (Lair:1)
  A komodo dragon (D:10)
  A hornet (D:9)
  A troll (D:8)
  Grinder (D:7)
  2 hippogriffs
  12 yaks
  Eustachio (D:6)
  A hungry ghost (D:7)
  Edmund (D:5)
  3 ice beasts
  3 porcupines (D:8)
  A black bear (D:8)
  The ghost of Gottschkopf the Ruffian, an amateur DrTm (D:3)
  3 centaurs
  4 ogres
  6 crocodiles
  A big kobold (D:8)
  2 bullfrogs
  A water moccasin skeleton (D:10)
  A jelly (D:8)
  3 wights (D:8)
  3 killer bees (D:9)
  4 crimson imps
  A bullfrog zombie (D:9)
  2 centaur zombies (D:10)
  5 hounds
  8 orc priests
  12 orc wizards
  Jessica (D:3)
  A centaur skeleton (D:6)
  Terence (D:3)
  5 iguanas
  5 worker ants
  Natasha (thrice) (D:3)
  A hound zombie (D:6)
  4 gnolls (D:3)
  6 adders
  A river rat (D:6)
  4 shadow imps
  An ooze (D:5)
  An adder zombie (D:5)
  2 adder skeletons
  4 worms
  5 dart slugs
  9 leopard geckos
  48 orcs
  2 ball pythons
  9 bats
  8 giant cockroaches
  5 goblins
  10 hobgoblins
  15 jackals
  8 kobolds
  5 quokkas
  4 frilled lizards
  2 quokka zombies (D:8)
  5 rats
267 creatures vanquished.

Vanquished Creatures (others)
  An ogre (D:6)
  A scorpion (D:5)
  An orc priest (D:6)
3 creatures vanquished.

Grand Total: 270 creatures vanquished

Notes
Turn   | Place    | Note
-------+----------+-------------------------------------------
     0 | D:1      | Kriby the Mummy Fire Elementalist began the quest for the Orb.
     0 | D:1      | Reached XP level 1. HP: 13/13 MP: 4/4
    72 | D:1      | Reached skill level 1 in Conjurations
   233 | D:1      | Reached skill level 3 in Spellcasting
   300 | D:1      | Reached XP level 2. HP: 16/19 MP: 4/6
   884 | D:1      | Reached XP level 3. HP: 22/24 MP: 4/7
  2264 | D:2      | Reached XP level 4. HP: 17/30 MP: 1/9
  2564 | D:3      | Noticed Jessica
  2622 | D:3      | Killed Jessica
  2643 | D:3      | Noticed Terence
  2645 | D:3      | Noticed Gottschkopf's ghost (amateur DrTm)
  2791 | D:3      | Killed Terence
  2791 | D:3      | Reached skill level 4 in Spellcasting
  2796 | D:3      | Learned a level 3 spell: Conjure Flame
  2801 | D:3      | Learned a level 4 spell: Sticky Flame
  2804 | D:3      | Learned a level 2 spell: Throw Flame
  2939 | D:3      | Reached XP level 5. HP: 35/35 MP: 8/11
  3112 | D:3      | Noticed Natasha
  3116 | D:3      | Killed Natasha
  3175 | D:3      | Noticed Natasha
  3181 | D:3      | Killed Natasha
  3598 | D:3      | Noticed Natasha
  3617 | D:3      | Killed Natasha
  3940 | D:3      | Reached XP level 6. HP: 41/41 MP: 7/13
  3942 | D:3      | Reached skill level 5 in Spellcasting
  4448 | D:3      | Killed Gottschkopf's ghost
  4779 | D:3      | Found a shimmering altar of Xom.
  4968 | D:4      | Found Nupei's Weapon Emporium.
  4996 | D:4      | Reached skill level 6 in Spellcasting
  5058 | D:4      | Found a bloodstained altar of Trog.
  5083 | D:4      | Reached XP level 7. HP: 46/46 MP: 7/16
  5658 | D:4      | Found a hide-covered altar of Uskayaw.
  5658 | D:4      | Found a hazy altar of Hepliaklqana.
  5710 | D:5      | Entered Level 5 of the Dungeon
  5853 | D:5      | Found a hazy altar of Hepliaklqana.
  5877 | D:5      | Reached skill level 7 in Spellcasting
  6593 | D:5      | Found a shattered altar of Ashenzari.
  6932 | D:5      | Reached XP level 8. HP: 51/52 MP: 19/19
  6944 | D:5      | Found a staircase to the Ecumenical Temple.
  7059 | D:5      | Reached skill level 8 in Spellcasting
  7295 | D:6      | Noticed Edmund
  7311 | D:5      | Killed Edmund
  7545 | D:6      | Noticed Eustachio
  7548 | D:6      | Reached skill level 1 in Fighting
  7567 | D:6      | Killed Eustachio
  7706 | D:6      | Reached skill level 9 in Spellcasting
  7772 | D:6      | Noticed Pikel
  8036 | D:6      | Reached skill level 5 in Fire Magic
  8076 | D:6      | Reached skill level 5 in Conjurations
  8330 | D:6      | Killed Pikel
  8330 | D:6      | Reached XP level 9. HP: 53/62 MP: 14/22
  8395 | D:6      | Found an ancient bone altar of Kikubaaqudgha.
  8620 | D:6      | Noticed Grinder
  8887 | D:6      | Learned a level 5 spell: Fireball
  8928 | D:7      | Reached skill level 10 in Spellcasting
  9385 | D:7      | Paralysed by Grinder for 5 turns
  9387 | D:7      | Killed Grinder
  9527 | D:8      | Found a staircase to the Lair.
  9895 | D:7      | Reached skill level 11 in Spellcasting
 10268 | D:8      | Noticed a troll
 10278 | D:8      | Killed a troll
 10278 | D:8      | Reached XP level 10. HP: 73/73 MP: 11/25
 10417 | D:8      | Noticed a two-headed ogre
 10438 | D:8      | Killed a two-headed ogre
 10897 | D:8      | Reached skill level 5 in Fighting
 11772 | D:8      | Reached skill level 12 in Spellcasting
 12479 | D:9      | Found Xoamuosk's Magic Scroll Shop.
 12797 | D:9      | Bought a scroll of identify for 22 gold pieces
 12797 | D:9      | Bought a scroll of enchant armour for 82 gold pieces
 12797 | D:9      | Bought a scroll of teleportation for 33 gold pieces
 12797 | D:9      | Bought a scroll of blinking for 82 gold pieces
 13325 | D:9      | Noticed Erolcha
 13393 | D:9      | Noticed a cyclops
 13753 | D:9      | Killed a cyclops
 14103 | D:9      | Killed Erolcha
 14103 | D:9      | Reached XP level 11. HP: 11/81 MP: 4/27
 14342 | D:10     | Entered Level 10 of the Dungeon
 14429 | D:10     | Reached skill level 13 in Spellcasting
 14777 | D:10     | Noticed an unseen horror
 14783 | D:10     | Killed an unseen horror
 15037 | Temple   | Entered the Ecumenical Temple
 15171 | Temple   | Became a worshipper of Sif Muna the Loreminder
 15682 | Lair:1   | Entered Level 1 of the Lair of Beasts
 16308 | Lair:1   | Noticed a seven-headed hydra
 16311 | Lair:1   | Noticed a seven-headed hydra
 16325 | Lair:1   | Killed a seven-headed hydra
 16332 | Lair:1   | Slain by a seven-headed hydra

Vault maps used:
D:1:      ncdulo_smallfort, minmay_door_square, minmay_box_of_dots
D:3:      lemuel_coloured_pillars_altar, first_bread, uniq_natasha,
          uniq_jessica, uniq_terence
D:4:      gammafunk_temple_overflow_elements, minmay_shop_grid_forest,
          minivault_19, lemuel_statue_altar
D:5:      cheibrodos_ashenzari_chains, basic_altar, grunt_ministairs_6,
          lemuel_old_faithful
D:6:      lemuel_crystal_altar, gup_sewer_entry_spiral, dk_noncrumbling_4,
          uniq_edmund, uniq_eustachio, uniq_grinder, uniq_pikel
D:8:      minmay_lair_entry_grove, blue_anna_alchemist
D:9:      serial_shops, nicolae_shop_trees, minivault_11, uniq_erolcha
Temple:   eino_temple_scatter_basement
Lair:1:   hangedman_lair_generics_rect, grunt_megastairs_5

Skill      XL: |  1  2  3  4  5  6  7  8  9 10 11 |
---------------+----------------------------------+-----
Conjurations   | 1 2 3 4 5 6 7 |  7.5
Spellcasting   | 3 4 6 7 9 11 12 13 | 13.7
Fire Magic     | 3 4 5 6 7 |  7.5
Fighting       | 2 4 6 |  6.8
Dodging        | |  1.5
Stealth        | |  1.5

Action                   |  1- 3 |  4- 6 |  7- 9 | 10-12 || total
-------------------------+-------+-------+-------+-------++-------
Melee: Unarmed           |     6 |       |       |       ||     6
       Dagger            |    27 |     9 |    64 |    19 ||   119
       Battleaxe         |       |       |       |     9 ||     9
 Cast: Flame Tongue      |    75 |   128 |   130 |   278 ||   611
       Conjure Flame     |       |     3 |     2 |    14 ||    19
       Sticky Flame      |       |     1 |    50 |    23 ||    74
       Throw Flame       |       |       |     1 |       ||     1
       Fireball          |       |       |       |     2 ||     2
  Use: Scroll            |       |       |     1 |       ||     1
Armor: Robe              |    30 |    13 |    10 |       ||    53
       Leather armour    |       |       |    35 |       ||    35
       Troll leather arm |       |       |       |    51 ||    51
Dodge: Dodged            |    46 |    38 |    93 |    86 ||   263
